 Dungeon Crawl Stone Soup version 0.23.0-3-gf3c87f2 (webtiles) character file.

Game seed: 12173803958548056131

326 zishaf the Chopper (level 6, -2/56 HPs)
             Began as a Hill Orc Monk on Feb 20, 2019.
             Killed by nerve-wracking pain
             ... invoked by Grinder
              (6 damage)
             ... while paralysed by Grinder
             ... on level 4 of the Dungeon.
             The game lasted 00:05:45 (3636 turns).

zishaf the Chopper (Hill Orc Monk)                  Turns: 3636, Time: 00:05:46

Health: -2/56      AC:  5    Str: 16    XL:     6   Next: 49%
Magic:  6/6        EV:  2    Int: 10    God:
Gold:   124        SH:  0    Dex: 13    Spells: 5/5 levels left

rFire    . . .     SeeInvis .   q - +4 club
rCold    . . .     Gourm    .   h - +0 large shield
rNeg     . . .     Faith    .   d - +0 leather armour
rPois    .         Spirit   .   n - +0 helmet
rElec    .         Reflect  +   (no cloak)
rCorr    .         Harm     .   g - +0 pair of gloves
MR       .....                  (no boots)
Stlth    ++........             j - +2 amulet of reflection
HPRegen  0.18/turn              (no ring)
MPRegen  0.10/turn              (no ring)

@: paralysed
A: no striking features
a: no special abilities


You were on level 4 of the Dungeon.
You were not hungry.

You visited 1 branch of the dungeon, and saw 4 of its levels.

You collected 124 gold pieces.

Inventory:

Hand Weapons
 a - a +0 hand axe
 q - a +4 club (weapon)
Armour
 d - a +0 leather armour (worn)
 g - a +0 pair of gloves (worn)
 h - a +0 large shield (worn)
 n - a +0 helmet (worn)
Jewellery
 j - a +2 amulet of reflection (around neck)
 p - an uncursed amulet of faith
 v - an uncursed ring of ice
Wands
 u - a wand of polymorph (11)
Scrolls
 b - 2 scrolls of magic mapping {unknown}
 c - a scroll of enchant armour {unknown}
 f - a scroll of fear {unknown}
 k - 4 scrolls of identify {unknown}
 m - 2 scrolls of teleportation {unknown}
 o - 3 scrolls of remove curse {unknown}
 r - 3 scrolls of immolation {unknown}
 t - a scroll of noise {unknown}
Potions
 i - 2 potions of curing {unknown}
 l - a potion of magic {unknown}
Comestibles
 e - 7 rations


   Skills:
 + Level 5.1 Fighting
 + Level 5.6 Axes
 + Level 3.2 Armour
 - Level 3.0 Dodging
 - Level 1.5 Stealth
 + Level 2.6 Shields


You had 5 spell levels left.
You didn't know any spells.
Your spell library was empty.

Dungeon Overview and Level Annotations

Branches:
Dungeon (4/15)
 Temple: D:4-7

Altars:
Cheibriados
Dithmenos
Kikubaaqudgha
Uskayaw

Annotations:
D:4 Grinder


Message History

You sock Grinder!
Grinder is severely wounded.
Grinder hits you.
You writhe in agony.
* * * LOW HITPOINT WARNING * * *
Grinder blinks!
Found 23 stones.
Grinder blinks!
Found a stone staircase leading down.
Grinder blinks!
Grinder blinks!
Grinder blinks!
Grinder gestures at you.
You suddenly lose the ability to move!
Grinder gestures at you. Pain shoots through your body!
* * * LOW HITPOINT WARNING * * *
Grinder blinks!
Grinder gestures at you. Pain shoots through your body!
You die...

#≈. +.. #≈# #+# #≈# #.#
#≈# #.# ##≈# ##@########
#########≈§####..........
.....................#.#
......................>..
.##############.#..#.#.#.
.# #.(...#5# # .#
#..#....# .# #.......# .#
#...##..#


You could see Grinder.

Vanquished Creatures
  Sigmund (D:3)
  Jessica (D:3)
  Terence (D:3)
  3 adders
  An ooze (D:1)
  2 worms (D:3)
  3 leopard geckos
  2 orcs (D:3)
  2 giant cockroaches
  7 goblins
  11 hobgoblins
  12 kobolds
  2 quokkas
  2 ball pythons
  14 bats
  3 frilled lizards
  11 rats
78 creatures vanquished.

Notes
Turn   | Place    | Note
-------+----------+-------------------------------------------
     0 | D:1      | zishaf the Hill Orc Monk began the quest for the Orb.
     0 | D:1      | Reached XP level 1. HP: 19/19 MP: 1/1
   294 | D:1      | Reached XP level 2. HP: 18/27 MP: 2/2
   536 | D:1      | Reached skill level 1 in Armour
   802 | D:1      | Reached XP level 3. HP: 32/33 MP: 3/3
  1455 | D:2      | Found an ancient bone altar of Kikubaaqudgha.
  1803 | D:2      | Reached XP level 4. HP: 39/40 MP: 4/4
  2224 | D:3      | Noticed Sigmund
  2362 | D:3      | Reached skill level 1 in Shields
  2372 | D:3      | Noticed Terence
  2381 | D:3      | Noticed Jessica
  2395 | D:3      | Killed Terence
  2396 | D:3      | Killed Jessica
  2396 | D:3      | Reached skill level 5 in Axes
  2396 | D:3      | Reached XP level 5. HP: 12/47 MP: 5/5
  2772 | D:3      | Found a snail-covered altar of Cheibriados.
  2898 | D:3      | Killed Sigmund
  2898 | D:3      | Reached skill level 5 in Fighting
  2898 | D:3      | Reached XP level 6. HP: 42/56 MP: 6/6
  3000 | D:3      | Found a shadowy altar of Dithmenos.
  3578 | D:4      | Found a hide-covered altar of Uskayaw.
  3604 | D:4      | Noticed Grinder
  3630 | D:4      | Paralysed by Grinder for 7 turns
  3636 | D:4      | Killed from afar by Grinder

Skill      XL: |  1  2  3  4  5 |
---------------+----------------+-----
Armour         | 1 2 3 |  3.2
Fighting       | 4 5 |  5.1
Shields        | 1 2 |  2.6
Dodging        | 3 |  3.0
Axes           | 5 |  5.6
Stealth        | |  1.5

Action                   |  1- 3 |  4- 6 || total
-------------------------+-------+-------++-------
Melee: Hand axe          |   137 |    56 ||   193
       Club              |       |    81 ||    81
 Stab: Sleeping          |     3 |     1 ||     4
  Eat: Chunk             |     3 |     6 ||     9
Armor: Robe              |    11 |       ||    11
       Leather armour    |    38 |    29 ||    67
Dodge: Dodged            |    73 |    45 ||   118
Block: Large shield      |    28 |   123 ||   151
       Reflection        |       |     2 ||     2
